 Dungeon Crawl Stone Soup version 0.18-a0-1060-g4fac74f (webtiles) character file.

151895 st0uf the Grappler (level 17, -4/167 HPs)
             Began as a Troll Fighter on Jan 11, 2016.
             Was the Champion of the Shining One.
             Slain by a seven-headed hydra (5 damage)
             ... on level 3 of the Swamp on Jan 13, 2016.
             The game lasted 03:58:10 (29944 turns).

st0uf the Grappler (Troll Fighter)                 Turns: 29944, Time: 03:58:10

Health: -4/167     AC:  9    Str: 36    XL:     17   Next: 1%
Magic:  16/16      EV: 16    Int:  7    God:    the Shining One [******]
Gold:   2172       SH: 36    Dex: 14    Spells: 0 memorised, 16 levels left

rFire  . . .     SeeInvis .       - Unarmed
rCold  . . .     Gourm    +     l - +2 robe {MR+}
rNeg   + + +     Faith    .     O - +11 large shield of the Realm of Zot {rPois Str+2 Stlth+}
rPois  +         Spirit   .     t - +1 hat {Int+3}
rElec  .         Dismiss  .     K - +0 cloak
rCorr  .         Reflect  +     (gloves unavailable)
SustAt .         Harm     .     (boots unavailable)
MR     ++...                    T - +4 amulet of reflection
Stlth  +.........               J - ring of flight
                                M - +6 ring of strength

@: glowing, very resistant to hostile enchantments, very unstealthy
A: unfitting armour, claws 3, fast metabolism 3, gourmand, regeneration 2,
shaggy fur 1, tough skin 2
a: Divine Shield, Cleansing Flame, Summon Divine Warrior, Brand Weapon With Holy
Wrath, Renounce Religion, Evoke Flight


You were on level 3 of the Swamp.
You worshipped the Shining One.
The Shining One was exalted by your worship.
You were not hungry.

You visited 5 branches of the dungeon, and saw 30 of its levels.
You also visited: Labyrinth and Volcano.

You collected 3165 gold pieces.
You spent 993 gold pieces at shops.

Inventory:

Hand Weapons
 s - the +11 morningstar "Eos" {elec, -Tele rElec SInv}
   (You found it in a labyrinth)

   Occasionally, upon striking a foe, it will discharge some electrical energy
   and cause terrible harm.
   It insulates you from electricity.
   It lets you see invisible.
   It prevents most forms of teleportation.
Missiles
 e - 978 stones
 g - 8 large rocks (quivered)
 p - 5 tomahawks of returning
 F - 24 tomahawks
 H - 9 javelins
 W - 8 javelins of penetration
Armour
 l - a +2 robe of magic resistance (worn)
 t - a +1 hat of intelligence (worn)
 z - a +2 robe of fire resistance
 G - a +1 robe of cold resistance
 K - a +0 cloak (worn)
 N - a +2 shield of reflection
 O - the +11 large shield of the Realm of Zot (worn) {rPois Str+2 Stlth+}
   (You took it off Louise on level 1 of the Swamp)

   It affects your strength (+2).
   It protects you from poison.
   It makes you more stealthy.
Jewellery
 a - an uncursed ring of teleportation
 m - the amulet "Uceom" {Dismiss rPois}
   (You bought it in a shop on level 13 of the Dungeon)

   [amulet of dismissal]

   It may teleport away creatures that harm you.
   It protects you from poison.
 B - a +5 ring of intelligence
 J - a ring of flight (right claw)
 M - a +6 ring of strength (left claw)
 P - an uncursed ring of wizardry
 R - an uncursed ring of resist corrosion
 T - a +4 amulet of reflection (around neck)
 U - an uncursed ring of protection from cold
 Z - an uncursed ring of magical power
Wands
 q - a wand of paralysis (13/24)
 u - a wand of teleportation (3/9)
 w - a wand of enslavement (15/24)
Scrolls
 b - 3 scrolls of identify
 o - 7 scrolls of remove curse
 x - 7 scrolls of magic mapping
 y - 3 scrolls of blinking
 C - 9 scrolls of teleportation
 Y - a scroll of fog
Potions
 c - 3 potions of might
 f - 4 potions of curing
 h - 2 potions of haste
 j - 3 potions of resistance
 n - 4 potions of heal wounds
 A - 5 potions of agility
 E - 3 potions of berserk rage
 I - 4 potions of cancellation
 L - a potion of flight
Books
 k - a book of the Tempests

   Spells                             Type                      Level
   a - Static Discharge               Conjuration/Air              3
   b - Lightning Bolt                 Conjuration/Air              5
   c - Fireball                       Conjuration/Fire             5
   d - Tornado                        Air                          9
   e - Shatter                        Earth                        9
Miscellaneous
 i - a phantom mirror
Comestibles
 d - 19 bread rations


   Skills:
 + Level 10.6 Fighting
 * Level 13.7 Throwing
 + Level 13.1 Dodging
 + Level 11.6 Shields
 + Level 14.1 Unarmed Combat
 + Level 0.8 Invocations


You had 16 spell levels left.
You didn't know any spells.

Dungeon Overview and Level Annotations

Branches:
Dungeon (15/15)            Temple (1/1) D:7            Lair (8/8) D:10
  Swamp (4/4) Lair:5       Spider (0/4) Lair:3        Slime (0/6) Lair:8
    Orc (2/2) D:9             Elf (0/3) Orc:2        Vaults (0/5) D:14
 Depths (0/5) D:15

Altars:
Ashenzari
Cheibriados
Dithmenos
Elyvilon
Fedhas
Gozag
Kikubaaqudgha
Makhleb
Nemelex Xobeh
Okawaru
Pakellas
Qazlal
Ru
Sif Muna
Trog
Vehumet
Xom
Yredelemnul
Zin
The Shining One

Shops:
D:2 *   D:5 :   D:6 =   D:7 [   D:9 (   D:13 =   Orc:2 !%![

Portals:
Hell: Lair:8

Annotations:
Lair:8 exclusion: 2 doors


Innate Abilities, Weirdness & Mutations

You are too large for most types of armour.
You have claws for hands.
Your metabolism is lightning-fast.
You like to eat raw meat.
You heal very quickly.
You are covered in fur (AC +1).
You have very tough skin (AC +2).


Message History

You hear a splash.
The seven-headed hydra bites you!
* * * LOW HITPOINT WARNING * * *
You block the seven-headed hydra's attack. x5
The seven-headed hydra bites you!
* * * LOW HITPOINT WARNING * * *
Throwing (i - inventory. (,) - cycle):
g - 9 large rocks (quivered)
Press: ? - help, Shift-Dir - straight line, f/p - seven-headed hydra
Aim: a seven-headed hydra (heavily wounded, haloed)
You throw a large rock.
The large rock hits the seven-headed hydra!
The seven-headed hydra is severely wounded.
You hear a splash.
The seven-headed hydra barely misses you.
You block the seven-headed hydra's attack. x2
The seven-headed hydra bites you.
* * * LOW HITPOINT WARNING * * *
You block the seven-headed hydra's attack.
The seven-headed hydra bites you.
You die...

♣.§≈..≈≈≈.♣♣♣..≈.♣
♣≈≈≈.(≈≈≈♣♣ ♣...≈♣
♣♣...≈.≈≈♣ ♣..♣♣♣♣♣ ♣♣♣
♣♣♣♣≈≈≈.....♣♣♣♣♣.♣♣♣..
♣♣.≈♣♣≈♣.§≈≈....≈≈....≈≈.♣♣.
♣.≈≈≈≈≈≈..≈≈≈.≈§≈≈≈.≈≈≈≈≈...
♣♣≈≈.§≈≈..≈≈≈.≈≈...≈≈≈≈≈..≈.
♣≈≈.≈≈≈..†(....♣♣..≈≈≈≈....
♣.≈≈≈≈≈≈.♣%@D♣♣≈≈≈≈.≈≈≈≈≈≈≈≈
♣♣≈≈≈≈≈≈.≈♣♣♣♣§..≈≈≈≈≈≈≈≈≈≈≈
♣....≈≈≈..♣ ♣♣..≈§≈§....≈≈≈
♣♣≈....≈.≈♣ ♣...≈≈.♣♣♣.≈≈≈
♣♣♣...♣.≈♣ ♣♣♣≈.≈♣♣ ♣.≈≈≈
♣♣≈≈♣♣♣♣ ♣♣♣♣♣ ♣.≈≈≈ ♣♣♣
♣≈≈≈♣... ♣♣≈≈♣..♣ ♣♣♣♣♣≈♣


You could see a seven-headed hydra.

Vanquished Creatures
  3 thorn hunters
  Donald (Swamp:1)
  Aizul (Swamp:1)
  A juggernaut zombie (D:15)
  Maud (Orc:2)
  Louise (Swamp:1)
  The ghost of pedritolo the Grand Gadgeteer, a journeyman CeFi of Pakellas (Swamp:2)
  The ghost of namelastname112 the Covert, a journeyman DrWz of Ru (D:12)
  A very ugly thing (Swamp:2)
  The ghost of Trivium the Cleaver, a journeyman FoFi of Cheibriados (Orc:2)
  The ghost of namelastname112 the Slicer, a journeyman DrWz of Zin (D:11)
  Snorg (D:13)
  Josephine (Lair:5)
  A minotaur (Lab)
  8 vault guards
  Fannar (Lair:3)
  17 hydras
  A catoblepas (D:13)
  4 alligators
  An ogre mage (Volcano)
  Erica (D:9)
  2 centaur warriors (D:15)
  A tengu warrior (D:14)
  Urug (Lair:2)
  6 death yaks
  4 orc high priests (Orc:2)
  4 wizards
  A fire crab (Lair:8)
  6 skeletal warriors (D:15)
  6 unseen horrors
  A shambling mangrove (Swamp:2)
  5 swamp dragons
  A lindwurm (Lair:8)
  A necromancer (D:15)
  5 hill giants
  A phantasmal warrior (D:15)
  A wolf spider zombie (D:14)
  10 ugly things
  An oklob plant (Lair:6)
  A shadow dragon skeleton (D:15)
  3 orc sorcerers (Orc:2)
  A manticore (D:15)
  4 hornets
  3 griffons
  4 cyclopes
  A deep elf mage (D:14)
  3 black mambas
  A sixfirhy (Lair:8)
  2 centaur zombies (D:15)
  A guardian serpent (D:13)
  Joseph (D:9)
  4 elephants
  A smoke demon (Lair:8)
  14 spiny frogs
  A gargoyle (D:14)
  A centaur skeleton (D:12)
  A torpor snail (Lair:7)
  10 komodo dragons
  An efreet (D:15)
  2 orange demons (Lair:8)
  A demonic crawler (Lair:3)
  4 red devils (Lair:8)
  A hellwing (Lair:8)
  3 ice devils (Lair:8)
  4 fire drakes
  8 trolls
  A tengu conjurer (D:15)
  A freezing wraith (D:15)
  A minotaur zombie (Lab)
  6 giant leeches
  6 bog bodies
  4 two-headed ogres
  19 blink frogs
  A boulder beetle (Lair:8)
  A hornet zombie (D:12)
  43 slime creatures
  An ice dragon skeleton (D:15)
  A vampire (D:14)
  An ettin skeleton (D:15)
  4 spriggans
  Sigmund (D:2)
  2 shadows
  64 yaks
  12 wyverns
  5 wraiths
  7 basilisks
  19 hippogriffs
  2 hungry ghosts (D:12)
  22 vampire mosquitoes
  6 wargs
  11 insubstantial wisps
  11 wolves
  A hell hound (Lair:8)
  17 swamp worms
  25 water moccasins
  A soldier ant (D:14)
  15 porcupines
  7 swamp drakes
  3 sky beasts
  A black bear (D:13)
  15 orc warriors
  3 ice beasts
  6 wasps
  4 phantoms
  7 boggarts (D:10)
  An eye of draining (D:12)
  2 necrophages
  7 ogres
  10 centaurs
  14 crocodiles
  2 big kobolds
  20 giant frogs
  7 scorpions
  5 killer bees (D:11)
  3 wights (D:9)
  2 electric eels
  3 crimson imps
  A giant frog zombie (D:9)
  2 quasits (D:8)
  4 hounds
  8 jellies
  28 orc priests
  2 giant frog skeletons
  6 iguanas
  27 orc wizards
  10 worker ants
  23 sheep
  2 hound skeletons
  A worker ant zombie (D:11)
  9 gnolls
  15 adders
  85 river rats
  2 oozes
  An adder skeleton (D:9)
  7 worms
  3 giant geckos
  73 orcs
  3 ball pythons
  7 giant cockroaches
  5 hobgoblins
  8 jackals
  18 kobolds
  7 quokkas
  6 bats
  A giant gecko skeleton (D:8)
  4 giant newts
  5 goblins
  A quokka skeleton (D:5)
  2 rats (D:1)
  A bush (Lair:6)
  A fungus (Lair:5)
  A plant (Lair:5)
999 creatures vanquished.

Vanquished Creatures (others)
  An alligator (Swamp:1)
  A giant leech (Swamp:2)
  A briar patch (Swamp:4)
  A bush (Swamp:4)
  23 fungi
  11 plants
38 creatures vanquished.

Grand Total: 1037 creatures vanquished

Notes
Turn   | Place    | Note
--------------------------------------------------------------
     0 | D:1      | st0uf the Troll Fighter began the quest for the Orb.
     0 | D:1      | Reached XP level 1. HP: 22/22 MP: 0/0
   360 | D:1      | Reached XP level 2. HP: 29/29 MP: 1/1
   697 | D:2      | Found an opulent altar of Gozag.
   701 | D:2      | Found Gozag's Platinum Reserve.
   752 | D:2      | Noticed Sigmund
   787 | D:2      | Reached XP level 3. HP: 34/36 MP: 2/2
   970 | D:2      | Killed Sigmund
   970 | D:2      | Reached skill level 3 in Fighting
   970 | D:2      | Reached skill level 1 in Throwing
   970 | D:2      | Reached XP level 4. HP: 35/45 MP: 3/3
   970 | D:2      | Reached XP level 5. HP: 41/53 MP: 4/4
  1336 | D:3      | Reached XP level 6. HP: 59/61 MP: 5/5
  1440 | D:3      | Reached skill level 4 in Dodging
  1870 | D:4      | Reached XP level 7. HP: 65/67 MP: 6/6
  1988 | D:4      | Found an opulent altar of Gozag.
  1997 | D:4      | Found an ancient bone altar of Kikubaaqudgha.
  2272 | D:4      | Found a basalt altar of Yredelemnul.
  2760 | D:5      | Entered Level 5 of the Dungeon
  2947 | D:4      | Reached XP level 8. HP: 66/78 MP: 7/7
  3188 | D:5      | Found Xoenauna's Book Emporium.
  3248 | D:5      | Found a shimmering altar of Xom.
  3431 | D:5      | Found an oddly glowing altar of Pakellas.
  3564 | D:5      | Reached skill level 5 in Dodging
  3583 | D:5      | Found a blossoming altar of Fedhas.
  3877 | D:6      | Found Yfuskint's Jewellery Shop.
  3933 | D:6      | Reached skill level 5 in Unarmed Combat
  4144 | D:6      | Reached XP level 9. HP: 81/85 MP: 8/8
  4393 | D:6      | Reached skill level 5 in Fighting
  4393 | D:6      | Reached skill level 6 in Dodging
  4393 | D:6      | Reached skill level 5 in Shields
  4752 | D:7      | Found Vadel's Armour Shoppe.
  4794 | D:7      | Found a shimmering altar of Xom.
  4800 | D:7      | Reached skill level 5 in Throwing
  4832 | D:7      | Found a basalt altar of Yredelemnul.
  4833 | D:7      | Found a staircase to the Ecumenical Temple.
  4849 | Temple   | Entered the Ecumenical Temple
  4924 | Temple   | Became a worshipper of the Shining One
  5749 | D:8      | Reached XP level 10. HP: 78/95 MP: 9/9
  6248 | D:9      | Reached skill level 7 in Dodging
  6282 | D:9      | Found Beisei's Antique Weapon Shop.
  6309 | D:9      | Reached * piety under the Shining One
  6423 | D:9      | Found a sparkling altar of Nemelex Xobeh.
  6452 | D:9      | Noticed Erica
  6462 | D:9      | Killed Erica
  6549 | D:9      | Noticed Joseph
  6620 | D:9      | Killed Joseph
  6736 | D:9      | Found an iron altar of Okawaru.
  6796 | D:9      | Found a staircase to the Orcish Mines.
  7081 | D:10     | Entered Level 10 of the Dungeon
  7093 | D:10     | Reached ** piety under the Shining One
  7139 | D:10     | Found a staircase to the Lair.
  7236 | D:10     | Noticed a wizard
  7252 | D:10     | Killed a wizard
  7283 | D:10     | Noticed a wizard
  7305 | D:10     | Killed a wizard
  7305 | D:10     | Reached skill level 8 in Unarmed Combat
  7318 | D:10     | Noticed a wizard
  7328 | D:10     | Killed a wizard
  7328 | D:10     | Reached XP level 11. HP: 40/106 MP: 10/10
  7507 | D:10     | Identified the Incunabulum of the Voyage
  7723 | Lair:1   | Entered Level 1 of the Lair of Beasts
  8371 | Lair:1   | Noticed a six-headed hydra
  8380 | Lair:1   | Killed a three-headed hydra
  8681 | Lair:1   | HP: 4/107 [black mamba (10)]
  8687 | Lair:1   | HP: 1/107 [spiny frog (9)]
  9171 | Lair:2   | Noticed Urug
  9181 | Lair:2   | Reached skill level 9 in Unarmed Combat
  9192 | Lair:2   | Killed Urug
  9438 | Lair:2   | Reached *** piety under the Shining One
 10084 | Lair:3   | Noticed Fannar
 10129 | Lair:3   | Killed Fannar
 10129 | Lair:3   | Reached XP level 12. HP: 93/118 MP: 11/11
 10480 | Lair:3   | Found a hole to the Spider Nest.
 10681 | Lair:3   | Reached skill level 10 in Unarmed Combat
 12682 | Lair:5   | Reached **** piety under the Shining One
 12720 | Lair:5   | Noticed Josephine
 12729 | Lair:5   | Killed Josephine
 12787 | Lair:5   | Found a staircase to the Swamp.
 13209 | Lair:5   | Noticed a four-headed hydra
 13320 | Lair:5   | Killed a four-headed hydra
 13320 | Lair:5   | Reached XP level 13. HP: 84/127 MP: 12/12
 13468 | Lair:5   | Reached skill level 10 in Throwing
 13728 | Lair:6   | Found a dark tunnel.
 13735 | Volcano  | Entered a volcano
 14232 | Lair:6   | Reached skill level 10 in Dodging
 14245 | Lair:6   | Reached skill level 11 in Unarmed Combat
 15596 | Lair:8   | Entered Level 8 of the Lair of Beasts
 15661 | Lair:8   | Found a staircase to the Slime Pits.
 16065 | Lair:8   | Reached ***** piety under the Shining One
 16157 | Lair:8   | Reached XP level 14. HP: 107/137 MP: 13/13
 17578 | Lair:8   | Reached skill level 12 in Unarmed Combat
 17587 | Lair:8   | Found a burning altar of Makhleb.
 18260 | Lair:8   | Found a gateway to Hell.
 18473 | Lair:1   | Upgraded the game from 0.18-a0-1045-g4e042de to 0.18-a0-1060-g4fac74f
 18513 | Orc:1    | Entered Level 1 of the Orcish Mines
 19047 | Orc:2    | Entered Level 2 of the Orcish Mines
 19049 | Orc:2    | Paralysed by an orc sorcerer for 2 turns
 19142 | Orc:2    | Noticed Trivium's ghost (journeyman FoFi)
 19153 | Orc:2    | Killed Trivium's ghost
 19328 | Orc:1    | Noticed Maud
 19339 | Orc:2    | HP: 3/140 [orc high priest/divine providence (14)]
 19340 | Orc:2    | Found a staircase to the Elven Halls.
 19363 | Orc:2    | HP: 4/140 [sixfirhy[an orc high priest] (8)]
 19907 | Orc:2    | Killed Maud
 19911 | Orc:2    | Reached ****** piety under the Shining One
 20405 | Orc:2    | Found Biskic's Antique Armour Emporium.
 20405 | Orc:2    | Found Ucaisir's Food Shoppe.
 20409 | Orc:2    | Found Ohej's Distillery.
 20409 | Orc:2    | Found Vaolitt's Distillery.
 20418 | Orc:2    | Bought a potion of might for 48 gold pieces
 20418 | Orc:2    | Bought a potion of curing for 36 gold pieces
 20418 | Orc:2    | Bought a potion of haste for 120 gold pieces
 20418 | Orc:2    | Bought a potion of might for 48 gold pieces
 20770 | D:11     | Noticed namelastname112's ghost (journeyman DrWz)
 20785 | D:11     | Killed namelastname112's ghost
 20875 | D:11     | Reached XP level 15. HP: 141/146 MP: 14/14
 21568 | D:12     | Noticed namelastname112's ghost (journeyman DrWz)
 21581 | D:12     | Killed namelastname112's ghost
 21621 | D:12     | Identified 2 scrolls of acquirement
 21622 | D:12     | Got a brightly glowing shield
 21633 | D:12     | Identified the +3 shield "Huskinido" {*Confuse rC+++ Str+6 Stlth+} (You acquired it on level 12 of the Dungeon)
 22544 | D:13     | Found Fuvofu's Jewellery Shop.
 22814 | D:13     | Noticed Snorg
 22822 | D:13     | Killed Snorg
 23564 | D:14     | Reached skill level 10 in Shields
 23616 | D:14     | Found a gate to the Vaults.
 23671 | D:14     | Reached skill level 13 in Unarmed Combat
 23776 | D:14     | Found a shattered altar of Ashenzari.
 24149 | D:14     | Reached skill level 10 in Fighting
 24394 | D:15     | Entered Level 15 of the Dungeon
 24581 | D:15     | Reached XP level 16. HP: 81/158 MP: 15/15
 24607 | D:15     | Found a labyrinth entrance.
 24645 | Lab      | Entered a labyrinth
 24841 | Lab      | Got a crystal rapier
 24842 | Lab      | Identified the +8 rapier of Fundamental Breach {speed, MR+} (You found it in a labyrinth)
 25017 | D:15     | Found a staircase to the Depths.
 26002 | Swamp:1  | Entered Level 1 of the Swamp
 26325 | D:13     | Bought the amulet "Uceom" {Dismiss rPois} for 741 gold pieces
 26566 | Swamp:1  | Noticed Aizul
 26592 | Swamp:1  | Killed Aizul
 26963 | Swamp:1  | Noticed Louise
 27009 | Swamp:1  | Killed Louise
 27013 | Swamp:1  | Got a warped large shield
 27024 | Swamp:1  | Identified the +11 large shield of the Realm of Zot {rPois Str+2 Stlth+} (You took it off Louise on level 1 of the Swamp)
 27304 | Swamp:1  | Noticed Donald
 27323 | Swamp:1  | Killed Donald
 27336 | Swamp:1  | Got an ancient shield
 27362 | Swamp:1  | Identified the +8 shield of Akhleruv {Str+4} (You took it off Donald on level 1 of the Swamp)
 27745 | Swamp:2  | Noticed pedritolo's ghost (journeyman CeFi)
 27772 | Swamp:2  | Killed pedritolo's ghost
 28211 | Swamp:2  | Reached skill level 14 in Unarmed Combat
 28650 | Swamp:2  | Noticed a thorn hunter
 28663 | Swamp:2  | Killed a thorn hunter
 28914 | Swamp:3  | Noticed a thorn hunter
 28924 | Swamp:3  | Killed a thorn hunter
 29683 | Swamp:4  | Entered Level 4 of the Swamp
 29685 | Swamp:4  | Noticed a thorn hunter
 29699 | Swamp:4  | Killed a thorn hunter
 29931 | Swamp:3  | Reached XP level 17. HP: 164/167 MP: 16/16
 29943 | Swamp:3  | HP: 5/167 [seven-headed hydra (7)]
 29944 | Swamp:3  | HP: 1/167 [seven-headed hydra (5)]
 29944 | Swamp:3  | Slain by a seven-headed hydra

Vault maps used:
D:1:      dpeg_arrival_pond
D:2:      nicolae_gozag_zags_fifth_avenue, uniq_sigmund
D:4:      yredelemnul_altar_generic, amethyst_overflow_temple_binary
D:5:      fedhas_altar_fruit_tree, old_standard_altar, serial_shops,
          kennysheep_mini, first_bread, basic_altar
D:6:      serial_shops, shop
D:7:      minmay_temple_entry_purple_smoke, basic_altar, serial_shops,
          nicolae_shop_statue_plus, xom_teletrap_fun
D:8:      the_bakery
D:9:      okawaru_trees_1, marbit_many_paths, orc_0_dummy, serial_shops, shop,
          uniq_joseph, uniq_erica
D:10:     minmay_smoke_and_mirrors
D:11:     grunt_ministairs_14
D:13:     serial_shops, shop, nrook_guardian_serpent_ordinary, uniq_snorg
D:14:     erik_vaults_2, ashenzari_altar_1
D:15:     gammafunk_depths_entry_grave, lab_entry_generic,
          minmay_curled_crystal, nicolae_benzene_ring, serial_park_tiny_1,
          minmay_misc_feat_columns
Temple:   nicolae_temple_god_jail
Lair:1:   wad_woods_03, lemuel_fruit_fields
Lair:2:   uniq_urug
Lair:3:   nicolae_spider_entry_non_spiders, uniq_fannar
Lair:5:   minmay_swamp_entry_worms, special_room, uniq_josephine
Lair:6:   minmay_lair_oklob_items, nicolae_volcano_entry_two_sided
Lair:7:   bh_autumn_forest_stairs, grunt_megastairs_4, serial_bayou_shore_a,
          serial_bayou_shore_b
Lair:8:   evil_forest, minmay_slime_entry_pillars,
          grunt_forest_large_clearing_hut, infiniplex_staircase_pool
Swamp:1:  infiniplex_staircase_pool_2, uniq_donald, uniq_aizul, uniq_louise
Swamp:2:  evilmike_swamp_ruin_rubble_2
Swamp:3:  evilmike_swamp_ruin_house_3
Swamp:4:  grunt_swamp_rune_castle
Orc:1:    uniq_maud
Orc:2:    st_orc_mages, statue_in_the_mist_lemuel, nooodl_orcs_dogs
Lab:      labyrinth_hidden_loot, nicolae_lab_quarters
Volcano:  volcano_pools

Action                   |  1- 3 |  4- 6 |  7- 9 | 10-12 | 13-15 | 16-18 || total
-------------------------+-------+-------+-------+-------+-------+-------++-------
Melee: Unarmed           |    95 |   155 |   406 |   739 |  1593 |   586 ||  3574
       Scimitar          |       |       |       |     3 |     7 |       ||    10
Throw: Stone             |       |    13 |    21 |     1 |    36 |     3 ||    74
       Tomahawk          |       |       |     5 |   124 |   138 |    45 ||   312
       Javelin           |       |       |       |    19 |     9 |    11 ||    39
       Throwing net      |       |       |       |     1 |       |       ||     1
       Large rock        |       |       |       |       |    23 |    21 ||    44
Invok: Divine Shield     |       |       |       |       |     4 |     3 ||     7
 Abil: Evoke Flight      |       |       |       |       |       |    25 ||    25
  Use: Scroll            |       |       |     2 |    10 |    23 |     2 ||    37
       Potion            |       |       |       |     5 |     1 |     3 ||     9
 Stab: Sleeping          |       |       |       |     1 |       |       ||     1
       Distracted        |       |       |       |       |       |     1 ||     1
  Eat: Chunk             |    14 |     9 |    36 |    69 |   104 |    46 ||   278
       Bread ration      |       |       |       |       |       |     1 ||     1
